 Dungeon Crawl Stone Soup version 0.23-a0-767-gdc19b93 (console) character file.

527 Duffy the Magician (level 7, 38/38 HPs)
             Began as a Deep Elf Fire Elementalist on Jan 19, 2019.
             Quit the game on level 5 of the Dungeon.
             The game lasted 00:03:53 (4611 turns).

Duffy the Magician (Deep Elf Fire Elementalist)     Turns: 4611, Time: 00:03:53

Health: 38/38      AC:  4    Str:  5    XL:     7   Next: 2%
Magic:  22/26      EV: 14    Int: 22    God:
Gold:   242        SH:  0    Dex: 15    Spells: 3/16 levels left

rFire    . . .     SeeInvis .   c - 8 rations
rCold    . . .     Gourm    .   (no shield)
rNeg     . . .     Faith    .   a - +0 robe
rPois    .         Spirit   .   (no helmet)
rElec    .         Reflect  .   (no cloak)
rCorr    .         Harm     .   h - +1 pair of gloves
MR       .....                  (no boots)
Stlth    ++........             (no amulet)
HPRegen  0.12/turn              (no ring)
MPRegen  0.20/turn              q - ring of magical power

@: no status effects
A: no striking features
a: no special abilities


You were on level 5 of the Dungeon.
You were not hungry.

You visited 1 branch of the dungeon, and saw 5 of its levels.

You collected 242 gold pieces.

Inventory:

Armour
 a - a +0 robe (worn)
 h - a +1 pair of gloves (worn)
Jewellery
 n - an uncursed ring of resist corrosion
 q - a ring of magical power (right hand)
Wands
 j - a wand of digging (7)
 x - a wand of clouds (4)
Scrolls
 d - 3 scrolls of amnesia
 g - a scroll of fear
 i - a scroll of blinking {unknown}
 k - a scroll of fog {unknown}
 l - 4 scrolls of remove curse
 m - 5 scrolls of identify {unknown}
 o - 2 scrolls of random uselessness {unknown}
 r - a scroll of enchant weapon {unknown}
 y - a scroll of enchant armour {unknown}
Potions
 b - a potion of agility {unknown}
 e - a potion of lignification {unknown}
 f - a potion of berserk rage {unknown}
 p - 2 potions of heal wounds {unknown}
 s - a potion of degeneration {unknown}
 u - a potion of brilliance {unknown}
 v - 2 potions of curing {unknown}
Comestibles
 c - 8 rations (in hand)


   Skills:
 + Level 1.6 Fighting
 + Level 3.7 Dodging
 - Level 2.4 Stealth
 - Level 5.3 Spellcasting
 - Level 4.9 Conjurations
 - Level 5.0 Fire Magic


You had 3 spell levels left.
You knew the following spells:

 Your Spells              Type           Power        Failure   Level  Hunger
h - Flame Tongue          Conj/Fire      ####.        1%          1    None
j - Sticky Flame          Conj/Fire      ####....     13%         4    ####...
k - Fireball              Conj/Fire      ####......   34%         5    #####..
l - Conjure Flame         Conj/Fire      ####....     3%          3    ##.....

Your spell library contained the following spells:

 Spells                   Type           Power        Failure   Level  Hunger
 Throw Flame              Conj/Fire      ####..       1%          2    None
 Inner Flame              Hex/Fire       ###.....     11%         3    ##.....


Dungeon Overview and Level Annotations

Branches:
Dungeon (5/15)
 Temple: D:4-7

Altars:
Okawaru
Vehumet


Message History

It is a scroll of amnesia.
Okay, then.
Unknown command.
Firing (i - inventory) No suitable missiles.
Press: ? - help, Shift-Dir - straight line, f - you
Okay, then.
Unknown command.
As you read the scroll labeled UMAOPT RAUMP, it crumbles to dust.
You assume a fearsome visage.
Nothing appears to happen.
It was a scroll of fear.
As you read the scroll labeled JOD TUZOUVOI, it crumbles to dust.
You feel as if something is helping you.
It was a scroll of remove curse.
Wear which item? (? for menu, Esc to quit)
Okay, then.
Drop what? 24/52 slots (_ for help) (? for menu, Esc to quit)
You remove your -3 ring of intelligence.
You feel clever.
You drop a -3 ring of intelligence.
Are you sure you want to abandon this character and quit the game? (Confirm with "yes".)

#####(#
######.......
#....@.......
#.####.##.##.
.# .# .# ..
##


There were no monsters in sight!

Vanquished Creatures
  An ice beast (D:5)
  An ogre (D:4)
  A wyvern skeleton (D:4)
  An orc priest (D:3)
  2 bullfrog skeletons (D:4)
  A killer bee zombie (D:3)
  The ghost of Duffy the Firebug, a weakling DsFE (D:3)
  4 gnolls (D:3)
  6 adders
  An adder skeleton (D:3)
  2 worms
  2 dart slugs
  A leopard gecko (D:3)
  3 orcs (D:3)
  2 ball pythons (D:3)
  4 bats
  A giant cockroach (D:4)
  6 goblins
  6 hobgoblins
  9 jackals
  2 quokkas
  4 frilled lizards
  9 kobolds
  A leopard gecko skeleton (D:4)
  A quokka zombie (D:3)
  6 rats
78 creatures vanquished.

Notes
Turn   | Place    | Note
-------+----------+-------------------------------------------
     0 | D:1      | Duffy the Deep Elf Fire Elementalist began the quest for
                  | the Orb.
     0 | D:1      | Reached XP level 1. HP: 10/10 MP: 6/6
   425 | D:1      | Reached XP level 2. HP: 15/15 MP: 2/8
  1118 | D:2      | Reached XP level 3. HP: 19/19 MP: 5/9
  1123 | D:2      | Learned a level 3 spell: Conjure Flame
  2133 | D:3      | Reached XP level 4. HP: 19/24 MP: 7/11
  2139 | D:3      | Learned a level 4 spell: Sticky Flame
  2539 | D:3      | Found a runed gate.
  2539 | D:3      | Found a runed gate.
  2539 | D:3      | Found a runed gate.
  2548 | D:3      | Noticed Duffy's ghost (weakling DsFE)
  2763 | D:3      | Killed Duffy's ghost
  2843 | D:3      | Reached XP level 5. HP: 15/28 MP: 11/13
  3421 | D:3      | Found an iron altar of Okawaru.
  3702 | D:3      | Learned a level 5 spell: Fireball
  3741 | D:4      | Noticed an ogre
  3748 | D:4      | Killed an ogre
  3748 | D:4      | Reached skill level 5 in Spellcasting
  3748 | D:4      | Reached XP level 6. HP: 32/32 MP: 14/15
  3826 | D:4      | Reached skill level 5 in Fire Magic
  4125 | D:4      | Found a radiant altar of Vehumet.
  4373 | D:4      | Reached skill level 1 in Fighting
  4601 | D:5      | Entered Level 5 of the Dungeon
  4601 | D:5      | Noticed an ice beast
  4605 | D:5      | Killed an ice beast
  4605 | D:5      | Reached XP level 7. HP: 38/38 MP: 17/17
  4611 | D:5      | Quit the game

Vault maps used:
D:1:      elethiomel_arrival_shortcut, minmay_box_of_dots
D:2:      grunt_ministairs_2, moated_statue
D:3:      first_ration, gammafunk_ghost_necromancy, okawaru_ov_weapons_minmay
D:4:      kennysheep_mini_moat, grunt_ministairs_10, kennysheep_generic_room_8
D:5:      minmay_temple_entry_junction, nrook_uturn, minivault_1, uniq_edmund

Skill      XL: |  1  2  3  4  5  6 |
---------------+-------------------+-----
Conjurations   | 2 3 4 |  4.9
Spellcasting   | 4 5 |  5.3
Fire Magic     | 4 5 |  5.0
Fighting       | 1 |  1.6
Dodging        | 3 |  3.7
Stealth        | |  2.4

Action                   |  1- 3 |  4- 6 |  7- 9 || total
-------------------------+-------+-------+-------++-------
 Cast: Flame Tongue      |    78 |    88 |     1 ||   167
       Conjure Flame     |       |     4 |       ||     4
       Sticky Flame      |       |     2 |       ||     2
  Use: Scroll            |       |       |     3 ||     3
  Eat: Chunk             |     3 |     9 |       ||    12
Armor: Robe              |    12 |     2 |       ||    14
Dodge: Dodged            |    36 |    23 |       ||    59

Table legend:
 A = Non-vault XP
 B = Vault XP
 C = Vault XP percentage of total XP
 D = Non-vault monster count
 E = Vault monster count
 F = Vault count percentage of total count
                 A         B        C        D         E       F
            +---------+---------+-------+---------+---------+-------
      Total |     688 |      65 |   8.6 |      69 |       9 |  11.5
            +---------+---------+-------+---------+---------+-------
        D:1 |      32 |       6 |  15.8 |      19 |       3 |  13.6
        D:2 |      55 |       3 |   5.2 |      16 |       2 |  11.1
        D:3 |     175 |      56 |  24.2 |      26 |       4 |  13.3
        D:4 |     293 |       0 |   0.0 |       7 |       0 |   0.0
        D:5 |     133 |       0 |   0.0 |       1 |       0 |   0.0
            +---------+---------+-------+---------+---------+-------
